 Dungeon Crawl Stone Soup version 0.21-a0-110-g8e1637b (webtiles) character file.

212 Goblin1989 the Ducker (level 5, -3/28 HPs)
             Began as a Spriggan Transmuter on July 7, 2017.
             Was a Follower of Cheibriados.
             Slain by a sky beast (6 damage)
             ... on level 5 of the Dungeon.
             The game lasted 00:15:25 (4263 turns).

Goblin1989 the Ducker (Spriggan Transmuter)         Turns: 4263, Time: 00:15:26

Health: -3/28      AC:  3    Str:  8    XL:     5   Next: 58%
Magic:  8/10       EV: 20    Int: 18    God:    Cheibriados [*.....]
Gold:   133        SH:  0    Dex: 18    Spells: 2/10 levels left

rFire    . . .     SeeInvis +     - Unarmed
rCold    . . .     Gourm    .   (shield restricted)
rNeg     . . .     Faith    +   M - +0 robe
rPois    .         Spirit   .   (helmet restricted)
rElec    .         Reflect  .   P - +0 cloak
rCorr    .         Harm     .   (gloves unavailable)
MR       .....                  (boots unavailable)
Stlth    ++........             u - amulet of faith {!P}
HPRegen  0.09/turn              l - ring of flight
MPRegen  0.12/turn              (no ring)

@: appendage
A: unfitting armour, talons 3, see invisible, herbivore 3, speed 3, slow
metabolism 2
a: End Transformation, Bend Time, Renounce Religion, Evoke Flight


You were on level 5 of the Dungeon.
You worshipped Cheibriados.
Cheibriados was aware of your devotion.
You were hungry.
You had grown temporary talons.
You visited 1 branch of the dungeon, and saw 5 of its levels.

You collected 133 gold pieces.

Inventory:

Hand Weapons
 a - a +2 short sword of draining
 b - a +0 hunting sling
 w - a +0 blowgun {@w1}
Missiles
 f - 39 arrows
 t - 41 stones (quivered)
 N - 18 poisoned needles
Armour
 M - a +0 robe (worn)
 P - a +0 cloak (worn)
Jewellery
 l - a ring of flight (left hand)
 r - an uncursed ring of ice
 u - an amulet of faith (around neck) {!P}
 Q - an uncursed amulet of rage {unknown}
Wands
 L - a wand of lightning (9/15)
 O - a wand of scattershot (6/9)
Scrolls
 g - a scroll of amnesia {unknown}
 h - a scroll of recharging {unknown}
 i - 4 scrolls of remove curse {unknown}
 k - 4 scrolls of teleportation {unknown}
 n - a scroll of enchant armour {unknown}
 o - a scroll of blinking {unknown}
 p - 2 scrolls of immolation {unknown}
 q - 4 scrolls of identify {unknown}
 v - a scroll of random uselessness {unknown}
Potions
 j - a potion of haste {unknown}
 s - a potion of curing {@q1}
Books
 c - a book of Changes

   Spells                             Type                      Level
   a - Beastly Appendage              Transmutation                1
   b - Sticks to Snakes               Transmutation                2
   c - Spider Form                    Transmutation/Poison         3
   d - Ice Form                       Ice/Transmutation            4
   e - Blade Hands                    Transmutation                5
Comestibles
 e - 4 bread rations {@e1}


   Skills:
 * Level 2.9 Fighting
 * Level 4.4 Dodging
 + Level 1.2 Stealth
 - Level 3.0 Unarmed Combat
 + Level 3.1 Spellcasting
 * Level 4.1 Transmutations


You had 2 spell levels left.
You knew the following spells:

 Your Spells              Type           Power        Failure   Level  Hunger
a - Beastly Appendage     Tmut           ###...       3%          1    None
b - Sticks to Snakes      Tmut           ###.....     4%          2    ##.....
c - Blade Hands           Tmut           ###.......   63%         5    ######.


Dungeon Overview and Level Annotations

Branches:
Dungeon (5/15)
 Temple: D:4-7

Altars:
Cheibriados

Shops:
D:5 (

Annotations:
D:4 Robin


Innate Abilities, Weirdness & Mutations

You are very small and have problems with some larger weapons.
You are too small for most types of armour.
You have supernaturally acute eyesight. (SInv)
You are a herbivore.
You cover ground extremely quickly.
You need consume almost no food.
You have claws for feet.


Message History

The leopard gecko is moderately wounded.
The leopard gecko closely misses you.
You hit the leopard gecko.
The leopard gecko is heavily wounded.
The leopard gecko bites you but does no damage.
You hit the leopard gecko. Your kick misses the leopard gecko.
The leopard gecko is almost dead.
The leopard gecko closely misses you.
You closely miss the leopard gecko. Your kick misses the leopard gecko.
The leopard gecko is almost dead.
The leopard gecko closely misses you.
You hit the leopard gecko.
You kill the leopard gecko!
Cheibriados appreciates the change of pace.
Cheibriados slows and strengthens your metabolism.
Cheibriados raises the support of your attributes as your movement slows.
You see here a jackal corpse.
You start resting.
Your transformation is almost over.
You start resting.
Your talons disappear.
You start resting.
A sky beast comes into view.
You regained 3 hp, and now have 26/28 hp.
You see here an adder skeleton.
You see here a jackal corpse.
You see here a jackal corpse.
You see here a dagger.
Casting: Beastly Appendage
Confirm with . or Enter, or press ? or * to list all spells.
You create a snake!
You now have 39 arrows.
You now have 8/10 mp.
Casting: Sticks to Snakes
Confirm with . or Enter, or press ? or * to list all spells.
Your feet morph into talons.
You now have 7/10 mp.
You closely miss the sky beast. The sky beast hits you.
The sky beast shocks you.
An orc comes into view. It is wielding a mace of crushing.
You take 10 damage, and have 17/28 hp.
MASSIVE DAMAGE!!
You closely miss the sky beast. Your kick misses the sky beast.
Your water moccasin bites the sky beast.
The orc moves out of view.
The sky beast completely misses you.
Your water moccasin misses the sky beast.
You closely miss the sky beast. You claw the sky beast.
The sky beast is lightly wounded.
Your water moccasin bites the sky beast but does no damage.
The sky beast flickers out of sight for a moment.
The sky beast completely misses you.
Unknown command.
Unknown command.
Your water moccasin barely misses the sky beast.
The sky beast misses you.
You see here a dagger.
You closely miss the sky beast. You claw the sky beast.
The sky beast is moderately wounded.
Your water moccasin barely misses the sky beast. x2
The sky beast hits you but does no damage.
You closely miss the sky beast. You claw the sky beast.
The sky beast is moderately wounded.
Your water moccasin barely misses the sky beast.
The sky beast barely misses you.
You closely miss the sky beast. Your kick misses the sky beast.
The sky beast is moderately wounded.
Your water moccasin bites the sky beast.
The orc hits you with a mace of crushing.
The sky beast closely misses you.
Your water moccasin closely misses the sky beast.
You take 3 damage, and have 14/28 hp.
Your water moccasin bites the sky beast.
You hit the orc.
The orc is heavily wounded.
Your water moccasin barely misses the sky beast.
The orc closely misses you.
You are feeling hungry.
You hit the orc but do no damage.
The orc is heavily wounded.
Your water moccasin closely misses the sky beast.
Your water moccasin bites the sky beast.
The orc completely misses you.
Unknown command.
You hit the orc.
You kill the orc!
Your Stealth skill increases to level 1!
Your water moccasin bites the sky beast.
You closely miss the sky beast.
The sky beast is severely wounded.
Your water moccasin bites the sky beast.
The sky beast is poisoned.
Your water moccasin poisons the sky beast!
The sky beast hits you. The sky beast shocks you.
* * * LOW HITPOINT WARNING * * *
Your water moccasin bites the sky beast.
You take 6 damage, and have 8/28 hp.
MASSIVE DAMAGE!!
You barely miss the sky beast.
The sky beast is almost dead.
The sky beast hits you.
* * * LOW HITPOINT WARNING * * *
The sky beast shocks you.
You die... ..██.███.█ █████

███. >........█ ∆.. .∆.
...███.███ █)███.█ ... █..█
█.....█
....█..██████████.....████
.........██...█..÷÷.......█
................S†█████.....
.....%██.......█Y█..█ █...
...... ██...o█.█@█..█ █
.....█ █....█.█.█..█ .....
█....█.█.████ .....
█....█.█.. █....█.████
█....█.██.. █....█.██.█
█....█.██.█
████████████.█.██.█


You could see a sky beast and a friendly water moccasin.

Vanquished Creatures
  An orc wizard (D:5)
  2 worker ants (D:5)
  5 adders
  An adder skeleton (D:3)
  4 worms
  2 dart slugs
  5 leopard geckos
  6 orcs
  6 bats
  2 giant cockroaches
  4 goblins
  8 hobgoblins
  2 jackals (D:5)
  7 kobolds
  2 frilled lizards (D:2)
  4 rats
61 creatures vanquished.

Vanquished Creatures (collateral kills)
  An adder (D:5)
  A worm (D:3)
  An orc (D:5)
3 creatures vanquished.

Grand Total: 64 creatures vanquished

Notes
Turn   | Place    | Note
-------+----------+-------------------------------------------
     0 | D:1      | Goblin1989 the Spriggan Transmuter began the quest for the Orb.
     0 | D:1      | Reached XP level 1. HP: 9/9 MP: 5/5
   135 | D:1      | Reached XP level 2. HP: 14/14 MP: 6/6
   176 | D:1      | Reached skill level 1 in Fighting
   765 | D:2      | Learned a level 2 spell: Sticks to Snakes
   780 | D:2      | Reached XP level 3. HP: 18/18 MP: 8/8
  1067 | D:2      | Found a snail-covered altar of Cheibriados.
  1259 | D:2      | Became a worshipper of Cheibriados the Contemplative
  1588 | D:3      | Reached XP level 4. HP: 21/23 MP: 9/9
  3147 | D:4      | Noticed Robin
  3357 | D:5      | Entered Level 5 of the Dungeon
  3357 | D:5      | Found Cauladat's Antique Weapon Shoppe.
  3373 | D:5      | Reached XP level 5. HP: 17/27 MP: 10/10
  3380 | D:5      | Learned a level 5 spell: Blade Hands
  4180 | D:5      | Reached * piety under Cheibriados
  4242 | D:5      | Noticed a sky beast
  4260 | D:5      | Reached skill level 1 in Stealth
  4263 | D:5      | Slain by a sky beast

Vault maps used:
D:1:      dpeg_arrival_court
D:2:      cheibriados_altar_1
D:4:      minmay_diamond_boxcup, minmay_temple_entry_mist, first_bread,
          dk_xom_monty_hall, uniq_edmund, uniq_duvessa, uniq_blork_the_orc,
          uniq_robin
D:5:      serial_shops, shop, serial_bayou, serial_bayou_lagoon_a,
          serial_bayou_pond_d, serial_bayou_pond_c, serial_bayou_shore_b,
          hangedman_ru_absence

Skill      XL: |  1  2  3  4  5 |
---------------+----------------+-----
Unarmed Combat | 3 |  3.0
Fighting       | 1 2 |  2.9
Transmutations | 3 4 |  4.1
Spellcasting   | 3 |  3.1
Dodging        | 4 |  4.4
Stealth        | 1 |  1.2

Action                   |  1- 3 |  4- 6 || total
-------------------------+-------+-------++-------
Melee: Short sword       |    84 |   133 ||   217
       Unarmed           |    11 |    24 ||    35
       Kick              |     1 |     4 ||     5
       Punch             |       |     2 ||     2
 Fire: Blowgun           |       |    19 ||    19
Throw: Stone             |       |     1 ||     1
 Cast: Beastly Appendage |     2 |     2 ||     4
       Sticks to Snakes  |     3 |     9 ||    12
  Use: Potion            |       |     3 ||     3
 Stab: Sleeping          |     1 |     1 ||     2
       Distracted        |       |     1 ||     1
  Eat: Fruit             |       |     2 ||     2
Armor: Robe              |     5 |    18 ||    23
Dodge: Dodged            |    84 |   154 ||   238

Vault maps used:
D:1:      dpeg_arrival_court
D:2:      cheibriados_altar_1
D:4:      minmay_diamond_boxcup, minmay_temple_entry_mist, first_bread,
          dk_xom_monty_hall, uniq_edmund, uniq_duvessa, uniq_blork_the_orc,
          uniq_robin
D:5:      serial_shops, shop, serial_bayou, serial_bayou_lagoon_a,
          serial_bayou_pond_d, serial_bayou_pond_c, serial_bayou_shore_b,
          hangedman_ru_absence
